 Dungeon Crawl Stone Soup version 0.27-a0-1139-g28e009f8a6 (webtiles) character file.

Game seed: 17929222146942441149

402 Zellion the Cudgeller (level 6, 0/66 HPs)
             Began as an Ogre Monk on May 7, 2021.
             Slain by an iguana (2 damage)
             ... on level 4 of the Dungeon.
             The game lasted 00:07:45 (5950 turns).

Zellion the Cudgeller (Ogre Monk)                   Turns: 5950, Time: 00:07:46

Health: 0/66       AC:  4    Str: 17    XL:     6   Next: 85%
Magic:  6/6        EV: 11    Int: 11    God:
Gold:   158        SH:  0    Dex: 18    Spells: 5/5 levels left

rFire    . . .     SeeInvis .   a - +0 mace
rCold    . . .     Faith    .   (no shield)
rNeg     . . .     Spirit   .   b - +1 robe
rPois    .         Reflect  .   (helmet restricted)
rElec    .         Harm     .   (no cloak)
rCorr    .         Rampage  .   (gloves unavailable)
Will     .....                  (boots unavailable)
Stlth    ++........             (no amulet)
HPRegen  0.21/turn              d - +6 ring of dexterity
MPRegen  0.10/turn              n - ring of wizardry

@: mighty
A: large, unfitting armour, tough skin 1
a: no special abilities


You were on level 4 of the Dungeon.
You visited 1 branch of the dungeon, and saw 5 of its levels.

You collected 158 gold pieces.

Inventory:

Hand Weapons
 a - a +0 mace (weapon)
Armour
 b - a +1 robe (worn)
Jewellery
 d - a +6 ring of dexterity (left hand)
 n - a ring of wizardry (right hand)
Wands
 o - a wand of iceblast (4)
 r - a wand of paralysis (4)
Scrolls
 h - 2 scrolls of identify
 i - a scroll of enchant weapon
 k - 3 scrolls of magic mapping {unknown}
 m - 3 scrolls of teleportation {unknown}
 q - 3 scrolls of fear {unknown}
Potions
 c - a potion of might
 j - 2 potions of degeneration {unknown}
 l - a potion of attraction {unknown}
 p - a potion of lignification {unknown}


   Skills:
 + Level 5.4 Fighting
 * Level 5.6 Maces & Flails
 + Level 3.9 Dodging
 - Level 1.4 Stealth


You had 5 spell levels left.
You didn't know any spells.
Your spell library was empty.

Dungeon Overview and Level Annotations

Branches:
Dungeon (5/15)
 Temple: D:4-7

Altars:
Ashenzari
Kikubaaqudgha
Nemelex Xobeh

Shops:
D:3 (


Innate Abilities, Weirdness & Mutations

You are too large for most types of armour.
You have tough skin. (AC +1)


Message History

Deactivating autopickup; reactivate with Ctrl-A.
The puff of flame hits you!
You closely miss something. The iguana barely misses you.
You hear some strange, mumbled words.
A puff of flame appears from out of thin air!
The puff of flame hits you!
You hit something but do no damage. The iguana bites you. Something hits you.
You hit the iguana but do no damage.
The iguana is lightly wounded.
The iguana bites you! Something hits you.
You hit something. The iguana bites you.
* * * LOW HITPOINT WARNING * * *
Something hits you but does no damage. The iguana bites you!
* * * LOW HITPOINT WARNING * * *
It was a potion of might.
You feel very mighty all of a sudden. Something hits you but does no damage.
The iguana closely misses you.
You closely miss the iguana.
The iguana is lightly wounded.
Something hits you but does no damage. The iguana barely misses you.
You hit the iguana.
The iguana is heavily wounded.
Something hits you but does no damage. The iguana closely misses you.
Something hits you.
* * * LOW HITPOINT WARNING * * *
As you read the scroll labelled LITESTR VAEDUCH, it crumbles to dust.
It is a scroll of enchant armour.
Your +0 robe glows green for a moment.
The iguana bites you.
* * * LOW HITPOINT WARNING * * *
Something hits you.
* * * LOW HITPOINT WARNING * * *
As you read the scroll labelled KUSUYL GOXUETI, it crumbles to dust.
You hear a loud clanging noise!
It was a scroll of noise.
The iguana barely misses you. Something hits you but does no damage.
As you read the scroll labelled LAC MYXIWUZ, it crumbles to dust.
It is a scroll of identify.
i - a scroll of enchant weapon The iguana bites you.
You die...

####### #####
##.....## #...#
###..###..###.#.#
....##.##..##.#.#####
...##...##....#.....#
..##.._..##...#####.#
.##^......##...{@##.#
##.^^.^....##..l###.#
#..^#####^..#...# #.#
##.'#.#.#'.##.#####.#
.###..#..###..#.....#
.....###......#.#####
..........#.#.#.#####
.....+........#.....#
.....######.###.###.#


You could see an iguana.

Vanquished Creatures
  A sky beast (D:4)
  A scorpion (D:4)
  A hound (D:4)
  A bullfrog skeleton (D:4)
  2 iguanas (D:4)
  Natasha (D:3)
  A hound skeleton (D:4)
  2 adders (D:4)
  2 worms (D:2)
  4 dart slugs
  2 orcs
  3 ball pythons
  4 bats
  5 endoplasms
  4 giant cockroaches
  5 goblins
  5 hobgoblins
  8 jackals
  6 kobolds
  4 quokkas
  9 frilled lizards
  5 rats
76 creatures vanquished.

Vanquished Creatures (others)
  8 plants (D:4)
8 creatures vanquished.

Grand Total: 84 creatures vanquished

Notes
Turn   | Place    | Note
-------+----------+-------------------------------------------
     0 | D:1      | Zellion the Ogre Monk began the quest for the Orb.
     0 | D:1      | Reached XP level 1. HP: 24/24 MP: 1/1
   148 | D:1      | Reached XP level 2. HP: 20/32 MP: 2/2
   753 | D:1      | Reached XP level 3. HP: 37/40 MP: 3/3
  1802 | D:2      | Found an ancient bone altar of Kikubaaqudgha.
  2805 | D:3      | Found a faded altar of an unknown god.
  2817 | D:2      | Reached XP level 4. HP: 41/49 MP: 4/4
  3164 | D:3      | Found a broken altar of Ashenzari.
  3292 | D:3      | Found Goetros's Antique Weapon Boutique.
  3789 | D:3      | Noticed Natasha
  3795 | D:3      | Killed Natasha
  4146 | D:4      | Reached XP level 5. HP: 40/55 MP: 5/5
  4426 | D:4      | Noticed a sky beast
  4440 | D:4      | Killed a sky beast
  4441 | D:4      | Reached skill level 5 in Fighting
  4441 | D:4      | Reached XP level 6. HP: 31/66 MP: 6/6
  4806 | D:4      | Reached skill level 5 in Maces & Flails
  5793 | D:4      | Found a sparkling altar of Nemelex Xobeh.
  5932 | D:5      | Entered Level 5 of the Dungeon
  5948 | D:4      | HP: 2/66 [something (4)]
  5950 | D:4      | Slain by an iguana

Illustrated notes

Levels and vault maps discovered:
D:1:      grunt_arrival_crossed_arrows, layout_basic, minmay_vboxes
D:2:      layout_basic, basic_altar, hex_medium, chequers_arboretum
D:3:      layout_basic, nicolae_ashenzari_panopticon, serial_shops, shop,
          chequers_ecumenical_altar_simple, nrook_mini_backslash,
          grunt_ministairs_1, uniq_natasha
D:4:      layout_basic, nemelex_spade_bored_becter, nicolae_ossuary_entry_ruins,
          chequers_serial_rivers_large_b, minmay_lizard_king
D:5:      layout_rooms, kennysheep_little_box

Skill      XL: |  1  2  3  4  5  6 |
---------------+-------------------+-----
Maces & Flails | 3 4 5 |  5.6
Dodging        | 3 |  3.9
Fighting       | 5 |  5.4
Stealth        | |  1.4

Action                   |  1- 3 |  4- 6 || total
-------------------------+-------+-------++-------
Melee: Mace              |   134 |   202 ||   336
Evoke: Wand              |       |     1 ||     1
  Use: Potion            |       |     7 ||     7
       Scroll            |       |     3 ||     3
 Stab: Sleeping          |     6 |     2 ||     8
       Distracted        |       |     1 ||     1
Armor: Robe              |    51 |    43 ||    94
Dodge: Dodged            |    97 |   148 ||   245

Table legend: (Time is in decaauts)
 A = Elapsed time spent in this place.
 B = Non-inter-level travel time spent in this place.
 C = Inter-level travel time spent in this place.
 D = Time resting spent in this place.
 E = Time spent auto-exploring this place.
 F = Levels seen in this place.
 G = Mean time per level.
                   A        B        C        D        E       F      G
               +--------+--------+--------+--------+--------+-----+--------+
         Total |   6042 |   5869 |    173 |   1415 |   3777 |   5 | 1208.4 |
       Dungeon |   6042 |   5869 |    173 |   1415 |   3777 |   5 | 1208.4 |
               +--------+--------+--------+--------+--------+-----+--------+

Top non-repeatable levels by time:
     D:4: 1856 daAuts
     D:1: 1545 daAuts
     D:2: 1379 daAuts
     D:3: 1254 daAuts
     D:5: 7 daAuts
